 Dungeon Crawl Stone Soup version 0.28.0 (webtiles) character file.

Game seed: 73417856884379363

674 lonewolfV2 the Chopper (level 7, -7/61 HPs)
             Began as a Hill Orc Fighter on Feb 12, 2022.
             Mangled by an ogre (22 damage)
             ... on level 5 of the Dungeon.
             The game lasted 00:09:37 (4620 turns).

lonewolfV2 the Chopper (Hill Orc Fighter)           Turns: 4620, Time: 00:09:38

Health: -7/61      AC:  8    Str: 19    XL:     7   Next: 59%
Magic:  7/7        EV: 14    Int:  8    God:
Gold:   200        SH:  5    Dex: 12    Spells: 6/6 levels left

rFire   . . .      SeeInvis .   a - +0 war axe (vorpal)
rCold   . . .      Faith    .   c - +0 buckler
rNeg    + . .      Spirit   .   b - +1 scale mail
rPois   .          Reflect  .   (no helmet)
rElec   .          Harm     .   (no cloak)
rCorr   .          Rampage  .   (no gloves)
Will    .....                   (no boots)
Stlth   ..........              (no amulet)
HPRegen 0.20/turn               i - +4 ring of evasion
MPRegen 0.10/turn               l - ring of positive energy

@: no status effects
A: no striking features
a: no special abilities


You were on level 5 of the Dungeon.
You visited 1 branch of the dungeon, and saw 5 of its levels.

You collected 200 gold pieces.

Inventory:

Hand Weapons
 a - a +0 vorpal war axe (weapon)
Armour
 b - a +1 scale mail (worn)
 c - a +0 buckler (worn)
Jewellery
 i - a +4 ring of evasion (left hand)
 l - a ring of positive energy (right hand)
Wands
 e - a wand of flame (12)
Scrolls
 n - a scroll of enchant armour
Potions
 d - a potion of might
 f - a potion of brilliance
 g - a potion of ambrosia {unknown}
 h - a potion of curing {unknown}
 j - a potion of cancellation
 k - a potion of degeneration


   Skills:
 + Level 5.0 Fighting
 + Level 7.1 Axes
 + Level 5.4 Armour
 + Level 1.8 Dodging
 + Level 0.6 Stealth
 + Level 4.3 Shields


You had 6 spell levels left.
You didn't know any spells.
Your spell library was empty.

Dungeon Overview and Level Annotations

Branches:
Dungeon (5/15)             Temple (0/1) D:5

Altars:
Ashenzari
Gozag
Hepliaklqana
Nemelex Xobeh
Qazlal
Trog
Uskayaw
Vehumet

Shops:
D:3 =


Message History

You hit the gnoll.
The gnoll is severely wounded.
The gnoll hits you with a +0 spear.
You barely miss the gnoll.
The gnoll is severely wounded.
The gnoll barely misses you.
You barely miss the gnoll.
The gnoll is severely wounded.
The gnoll completely misses you.
You closely miss the gnoll.
The gnoll is severely wounded.
The gnoll barely misses you.
You slash the gnoll!
You kill the gnoll!
Things that are here:
a +0 spear; a gnoll corpse You see here a +0 halberd.
Found 19 bolts.
Found a stone staircase leading up.
Found a staircase to the Ecumenical Temple.
Found 27 sling bullets.
You now have 200 gold pieces (gained 9).
An ogre comes into view. It is wielding a +0 giant club.
An ogre is nearby!
An ogre is nearby!
An ogre is nearby!
Found a scroll of vulnerability.
The ogre hits you with a +0 giant club!!
The ogre closely misses you.
You hit the ogre.
The ogre is lightly wounded.
The ogre hits you with a +0 giant club!!
* * * LOW HITPOINT WARNING * * *
You hit the ogre.
The ogre is heavily wounded.
The ogre barely misses you.
You hit the ogre but do no damage.
The ogre is heavily wounded.
The ogre hits you with a +0 giant club!!
You die...

**,,......,,##.##....## ###.
*****,,......,##..##.#..# ##
*,,,,,,......##...#.....#
*,,,,,,.............#.#.#* **
**,,,,,........###.......#****,
**,,,,....#.......#.⌠.#...,,,.
*,,,,#..*##....#.......#...,#
**,**#,,,*##.#...⌠.>.⌠...#..#
*,* *,,**#.@O.#.......#..,##
*** **** ##.....#.⌠.#..(,.*
#...............#*
##.....#.*,,,,,,,*
*#......,,,,,,,,,
*,...#.#,,,,,,,,,
*,......,,,,,*,,,
**.....,,,,***,,*
***,,,,,,,***,,*


You could see an ogre.

Vanquished Creatures
  3 ogres
  Blork the orc (D:5)
  A water moccasin skeleton (D:5)
  A centaur skeleton (D:3)
  A jelly (D:4)
  An orc wizard (D:4)
  7 adders
  4 gnolls (D:5)
  A shadow imp (D:5)
  7 worms
  A dart slug (D:3)
  4 orcs
  8 bats
  5 endoplasms
  3 giant cockroaches
  6 hobgoblins
  11 jackals
  3 quokkas
  6 ball pythons
  6 frilled lizards
  6 goblins
  8 kobolds
  4 rats
98 creatures vanquished.

Notes
Turn   | Place    | Note
-------+----------+-------------------------------------------
     0 | D:1      | lonewolfV2 the Hill Orc Fighter began the quest for the
                  | Orb.
     0 | D:1      | Reached XP level 1. HP: 19/19 MP: 1/1
   125 | D:1      | Reached XP level 2. HP: 22/27 MP: 2/2
   364 | D:1      | Reached skill level 3 in Axes
   628 | D:2      | Reached XP level 3. HP: 29/33 MP: 3/3
   882 | D:2      | Found a faded altar of an unknown god.
  1945 | D:3      | Reached XP level 4. HP: 40/40 MP: 4/4
  1963 | D:3      | Reached skill level 4 in Axes
  2015 | D:3      | Found a hazy altar of Hepliaklqana.
  2367 | D:3      | Found a stormy altar of Qazlal.
  2547 | D:3      | Found Fieck's Jewellery Shop.
  2554 | D:3      | Reached XP level 5. HP: 35/47 MP: 5/5
  2755 | D:3      | Found an opulent altar of Gozag.
  2916 | D:4      | Noticed an ogre
  2929 | D:4      | Killed an ogre
  2930 | D:4      | Reached skill level 5 in Axes
  2930 | D:4      | Reached XP level 6. HP: 17/53 MP: 6/6
  3292 | D:4      | Reached skill level 1 in Dodging
  3478 | D:4      | Found a hide-covered altar of Uskayaw.
  3479 | D:4      | Found a broken altar of Ashenzari.
  3479 | D:4      | Found a radiant altar of Vehumet.
  3494 | D:4      | Found a sparkling altar of Nemelex Xobeh.
  3531 | D:4      | Reached skill level 6 in Axes
  3688 | D:5      | Entered Level 5 of the Dungeon
  3700 | D:5      | Reached skill level 5 in Fighting
  3700 | D:5      | Reached XP level 7. HP: 38/61 MP: 7/7
  4037 | D:5      | Noticed Blork the orc
  4048 | D:5      | Killed Blork the orc
  4282 | D:5      | Reached skill level 5 in Armour
  4320 | D:5      | Reached skill level 7 in Axes
  4460 | D:5      | Found a bloodstained altar of Trog.
  4599 | D:5      | Found a staircase to the Ecumenical Temple.
  4620 | D:5      | Mangled by an ogre

Illustrated notes

Levels and vault maps discovered:
D:1:      wander_arrival_desolate, layout_rooms, chequers_decorated_corner,
          grunt_decor_cap
D:2:      layout_loops_ring, chequers_ecumenical_altar_grove,
          serial_co_window_serial, co_window_of_opportunity_a,
          co_window_of_opportunity_a, co_window_corner_a, co_window_corner_a,
          co_window_paths_a, co_window_paths_c, co_window_paths_c,
          co_window_corner_cb, co_window_corner_b, co_window_corner_ca,
          co_window_broadway_a, co_window_broadway_a, glass_columns_a,
          glass_columns_b
D:3:      layout_basic, mainiacjoe_overflow_paths, mainiacjoe_overflow_alcove_1,
          nicolae_gozag_seed_capital, serial_shops, nicolae_lakefront_shop
D:4:      layout_gridville, nicolae_overflow_quartered_altars
D:5:      layout_cave_pools, trog_book, grunt_temple_overflow_diamond,
          minmay_temple_entry_sparse_star, nicolae_wormholes, uniq_blork_the_orc

Skill      XL: |  1  2  3  4  5  6  7 |
---------------+----------------------+-----
Fighting       | 4 5 |  5.0
Axes           | 3 4 5 6 7 |  7.1
Armour         | 4 5 |  5.4
Shields        | 4 |  4.3
Dodging        | 1 |  1.8
Stealth        | |  0.6

Action                   |  1- 3 |  4- 6 |  7- 9 || total
-------------------------+-------+-------+-------++-------
Melee: War axe           |   125 |   111 |    57 ||   293
  Use: Scroll            |     3 |       |     4 ||     7
       Potion            |     1 |     2 |       ||     3
Armor: Scale mail        |    75 |    58 |    12 ||   145
Dodge: Dodged            |    78 |   126 |    41 ||   245
Block: Buckler           |    34 |    39 |    12 ||    85
